Map: Snowy Mesa

Players

Amix - Winner!

  • Race: Terran Terran
  • League: Platinum
  • Spawn Location: 12:00

Drakon - Winner!

  • Race: Terran Terran
  • Spawn Location: 12:00

A.I. 2 (Elite)

  • Race: Terran Terran
  • Spawn Location: 6:00

A.I. 3 (Elite)

  • Race: Protoss Protoss
  • Spawn Location: 6:00

VOD

Have the link to the VOD?

Description

Time

  • Played on: Nov. 29, 2016, 8:27 a.m.
  • Length: 3:29
Show
View Real Time Build Order
Export as new Build Order

Amix Terran - Winner!

Build Orders:  

Get SALT Encoding   

  12  0:01  SCV  
  13  0:13  Supply Depot  
  13  0:18  SCV  
  14  0:32  SCV  
  15  0:44  Barracks, SCV  
  16  0:56  SCV  
  17  1:11  Barracks  
  17  1:13  Refinery  
  17  1:15  Barracks  
  17  1:20  SCV  
  18  1:35  Refinery  
  18  1:37  Supply Depot  
  18  1:43  Supply Depot  
  18  1:47  SCV  
  19  1:59  SCV  
  20  2:11  SCV  
  20  2:12  Reaper  
  22  2:18  Reaper  
  23  2:24  SCV  
  23  2:28  Reaper  
  25  2:36  SCV  
  26  2:44  Reaper  
  26  2:48  SCV  
  28  2:52  Reaper  
  29  3:00  SCV  
Show
View Real Time Build Order
Export as new Build Order

Drakon Terran - Winner!

Build Orders:  

Get SALT Encoding   

  12  0:02  SCV  
  13  0:16  Supply Depot  
  13  0:56  Barracks  
  13  0:58  Barracks  
  13  1:05  Barracks  
  13  1:15  Supply Depot  
  13  1:44  Marine  
  13  1:46  Marine  
  15  1:52  Marine  
  16  2:01  Marine  
  16  2:04  Marine  
  18  2:10  Marine  
  19  2:19  Marine  
  19  2:22  Marine  
  21  2:28  Marine  
  19  2:37  Marine  
  19  2:39  Marine  
  21  2:46  Marine  
  22  2:55  Marine  
  22  2:57  Marine  
  24  3:04  Marine  
Show
View Real Time Build Order
Export as new Build Order

A.I. 2 (Elite) Terran 

Build Orders:  

Get SALT Encoding   

  12  0:01  SCV  
  13  0:13  SCV  
  14  0:19  Supply Depot  
  14  0:25  SCV  
  15  0:29  Refinery  
  15  0:41  SCV  
  16  0:46  Barracks  
  16  0:53  SCV  
  17  1:05  SCV  
  18  1:17  SCV  
  19  1:33  Marine  
  19  1:35  Factory  
  19  1:36  Supply Depot, Orbital Command  
  20  1:52  Marine  
  21  2:02  Barracks, SCV  
  21  2:10  Marine  
  21  2:11  Refinery  
  22  2:17  SCV  
  23  2:26  Hellion  
  23  2:28  Marine  
  23  2:41  SCV  
  20  2:46  Marine  
Show
View Real Time Build Order
Export as new Build Order

A.I. 3 (Elite) Protoss 

Build Orders:  

Get SALT Encoding   

  12  0:01  Probe (Chrono Boost)  
  13  0:11  Probe (Chrono Boost)  
  14  0:20  Pylon  
  14  0:22  Probe (Chrono Boost)  
  15  0:38  Probe (Chrono Boost)  
  16  0:47  Assimilator  
  16  0:49  Gateway, Probe (Chrono Boost)  
  17  0:59  Probe (Chrono Boost), Pylon  
  18  1:10  Probe (Chrono Boost)  
  19  1:20  Probe (Chrono Boost)  
  20  1:31  Probe (Chrono Boost)  
  21  1:34  Zealot  
  21  1:39  Gateway  
  23  1:41  Cybernetics Core  
  23  1:42  Probe (Chrono Boost)  
  24  1:50  Pylon  
  25  1:54  Probe (Chrono Boost)  
  25  1:59  Zealot  
  27  2:04  Assimilator  
  27  2:10  Probe (Chrono Boost)  
  28  2:22  Probe (Chrono Boost)  
  29  2:25  Adept x2  
  31  2:46  Robotics Facility  
  31  2:48  Probe (Chrono Boost)  
  32  2:51  Adept  
  32  2:52  Zealot  
  36  3:04  Pylon  
  29  3:11  Mothership Core (Chrono Boost)  
Tags
 
Add a new tag
Caveats
  • Supply blocks, unpowered buildings, or Contaminate may cause inaccurate times.
  • Supply counts are checked every 10 seconds.